3202 views
Uploaded 2020-10-27 18:43:58
Game version 1.32.9
22:34 long 4on4 ladder game on (8)TwilightRuins_LV
Saved by bull
3202 views
Uploaded 2020-10-27 18:43:58
Game version 1.32.9
22:34 long 4on4 ladder game on (8)TwilightRuins_LV


214 units @ 28.5k
/ 3.5k
88 buildings @ 12.5k
/ 5.6k


| Lesser Clarity Potion | 4 | 280 |
| Scroll of Regeneration | 2 | 200 |
| Potion of Mana | 1 | 200 |
| Orb of Fire | 1 | 325 |
| Scroll of Healing | 1 | 250 |
| Scroll of Town Portal | 2 | 700 |
| Helm of Valor | 2 | 1000 |
| Khadgar's Pipe of Insight | 1 | 500 |
| Claws of Attack +12 | 1 | 500 |
| total: | 15 | 3955g |
| Peasant | 15 | 1125 | / | 0 |
| Rifleman | 7 | 1435 | / | 210 |
| Priest | 3 | 405 | / | 30 |
| Mortar Team | 1 | 180 | / | 70 |
| Flying Machine | 2 | 200 | / | 60 |
| Siege Engine | 2 | 390 | / | 120 |
| Sorceress | 1 | 155 | / | 20 |
| Knight | 1 | 245 | / | 60 |
| Dragonhawk Rider | 7 | 1400 | / | 210 |
| Spell Breaker | 1 | 215 | / | 30 |
| Goblin Zeppelin | 4 | 960 | / | 240 |
| total: | 44 | 6710g | / | 1050w |
| Scout Tower | 6 | 180 | / | 120 |
| Altar of Kings | 1 | 180 | / | 50 |
| Blacksmith | 1 | 140 | / | 60 |
| Barracks | 1 | 160 | / | 60 |
| Farm | 17 | 1360 | / | 340 |
| Arcane Vault | 1 | 130 | / | 30 |
| Lumber Mill | 1 | 120 | / | 0 |
| Town Hall | 1 | 385 | / | 205 |
| Cannon Tower | 1 | 120 | / | 100 |
| Arcane Sanctum | 1 | 150 | / | 140 |
| Workshop | 1 | 140 | / | 140 |
| Gryphon Aviary | 3 | 420 | / | 450 |
| Keep | 1 | 320 | / | 210 |
| Castle | 1 | 360 | / | 210 |
| total: | 34 | 3365g | / | 1595w |
| 0:01 | Peasant |
| 0:01 | Peasant |
| 0:06 | Altar of Kings |
| 0:22 | Peasant |
| 0:33 | Peasant |
| 0:43 | Blacksmith |
| 0:46 | Barracks |
| 0:53 | Farm |
| 1:02 | Peasant |
| 1:20 | Peasant |
| 1:22 | Farm |
| 1:23 | Peasant |
| 1:43 | Peasant |
| 2:01 | Rifleman |
| 2:07 | Farm |
| 2:23 | Rifleman |
| 2:41 | Rifleman |
| 2:55 | Thunder Clap |
| 3:06 | Rifleman |
| 3:14 | Farm |
| 3:37 | Storm Bolt |
| 3:55 | Rifleman |
| 4:17 | Keep |
| 4:38 | Rifleman |
| 4:40 | Farm |
| 4:42 | Farm |
| 4:47 | Black Gunpowder |
| 4:56 | Devotion Aura |
| 4:59 | Thunder Clap |
| 5:30 | Rifleman |
| 5:32 | Arcane Vault |
| 6:43 | Castle |
| 6:44 | Arcane Sanctum |
| 6:46 | Workshop |
| 6:51 | Storm Bolt |
| 7:08 | Lumber Mill |
| 7:14 | Farm |
| 7:16 | Farm |
| 7:17 | Farm |
| 7:18 | Farm |
| 7:26 | Goblin Zeppelin |
| 7:26 | Goblin Zeppelin |
| 7:26 | Goblin Zeppelin |
| 8:21 | Priest |
| 8:21 | Priest |
| 8:21 | Mortar Team |
| 8:58 | Scroll of Healing |
| 9:06 | Flying Machine |
| 9:06 | Siege Engine |
| 9:07 | Sorceress |
| 9:09 | Farm |
| 9:10 | Farm |
| 9:25 | Thunder Clap |
| 9:31 | Long Rifles |
| 9:51 | Priest Adept Training |
| 9:54 | Gryphon Aviary |
| 9:55 | Farm |
| 9:56 | Farm |
| 9:57 | Farm |
| 10:29 | Lesser Clarity Potion |
| 10:30 | Scroll of Regeneration |
| 10:31 | Scroll of Town Portal |
| 10:45 | Knight |
| 11:11 | Peasant |
| 11:11 | Peasant |
| 11:12 | Storm Hammers |
| 11:59 | Animal War Training |
| 12:02 | Town Hall |
| 12:22 | Scroll of Town Portal |
| 12:25 | Lesser Clarity Potion |
| 12:57 | Barrage |
| 13:48 | Peasant |
| 13:48 | Peasant |
| 13:48 | Peasant |
| 13:54 | Cloud |
| 13:55 | Priest Master Training |
| 13:56 | Peasant |
| 14:27 | Helm of Valor |
| 14:29 | Khadgar's Pipe of Insight |
| 14:43 | Fragmentation Shards |
| 15:27 | Sundering Blades |
| 15:37 | Lesser Clarity Potion |
| 15:38 | Potion of Mana |
| 16:06 | Gryphon Aviary |
| 16:06 | Gryphon Aviary |
| 16:08 | Studded Leather Armor |
| 16:12 | Improved Lumber Harvesting |
| 16:34 | Siege Engine |
| 16:35 | Sorceress Adept Training |
| 16:42 | Avatar |
| 17:28 | Helm of Valor |
| 17:33 | Claws of Attack +12 |
| 17:45 | Lesser Clarity Potion |
| 17:46 | Scroll of Regeneration |
| 17:53 | Orb of Fire |
| 18:05 | Reinforced Leather Armor |
| 18:07 | Dragonhawk Rider |
| 18:08 | Priest |
| 18:09 | Spell Breaker |
| 18:11 | Flying Machine |
| 18:38 | Dragonhawk Rider |
| 18:40 | Advanced Lumber Harvesting |
| 18:58 | Goblin Zeppelin |
| 19:06 | Scout Tower |
| 19:25 | Dragonhawk Rider |
| 19:26 | Dragonhawk Rider |
| 19:28 | Peasant |
| 20:00 | Scout Tower |
| 20:02 | Improved Masonry |
| 20:12 | Storm Bolt |
| 20:22 | Dragonhawk Rider |
| 20:56 | Cannon Tower |
| 20:57 | Scout Tower |
| 21:28 | Iron Forged Swords |
| 21:38 | Dragonhawk Rider |
| 21:39 | Dragonhawk Rider |
| 21:42 | Scout Tower |
| 21:43 | Scout Tower |
| 21:44 | Scout Tower |
| 21:51 | Farm |
| 21:54 | Farm |
| Right click | 1285 |
| Select group | 1061 |
| Select | 568 |
| Misc. action | 251 |
| Build/train/purchase | 169 |
| Use ability | 110 |
| Assign group | 75 |
| Item give/drop | 16 |
| Esc | 7 |
| Minimap ping | 7 |
| Remove unit | 1 |


| Scroll of Town Portal | 4 | 1400 |
| total: | 4 | 1400g |
| Wisp | 26 | 1560 | / | 0 |
| Archer | 9 | 1170 | / | 90 |
| Huntress | 2 | 390 | / | 40 |
| Dryad | 6 | 870 | / | 360 |
| Druid of the Talon | 1 | 145 | / | 20 |
| Hippogryph | 9 | 1440 | / | 180 |
| Druid of the Claw | 2 | 510 | / | 160 |
| Chimaera | 5 | 1650 | / | 350 |
| total: | 60 | 7735g | / | 1200w |
| Altar of Elders | 1 | 180 | / | 50 |
| Moon Well | 8 | 1440 | / | 320 |
| Ancient of War | 1 | 150 | / | 60 |
| Hunter's Hall | 2 | 420 | / | 200 |
| Ancient of Wonders | 1 | 90 | / | 30 |
| Tree of Life | 1 | 340 | / | 185 |
| Ancient of Wind | 2 | 300 | / | 280 |
| Ancient of Lore | 1 | 155 | / | 145 |
| Chimaera Roost | 2 | 280 | / | 380 |
| Tree of Ages | 1 | 320 | / | 180 |
| Tree of Eternity | 2 | 660 | / | 400 |
| total: | 19 | 3355g | / | 1650w |
| 0:08 | Wisp |
| 0:15 | Altar of Elders |
| 0:18 | Moon Well |
| 0:22 | Wisp |
| 0:30 | Wisp |
| 0:42 | Ancient of War |
| 0:51 | Wisp |
| 1:03 | Wisp |
| 1:24 | Moon Well |
| 1:26 | Wisp |
| 1:41 | Wisp |
| 1:46 | Archer |
| 1:58 | Archer |
| 2:01 | Wisp |
| 2:03 | Archer |
| 2:18 | Force of Nature |
| 2:25 | Hunter's Hall |
| 2:46 | Archer |
| 2:51 | Wisp |
| 3:01 | Archer |
| 3:28 | Tree of Ages |
| 3:44 | Huntress |
| 4:06 | Entangling Roots |
| 4:43 | Strength of the Moon |
| 5:05 | Ancient of Wonders |
| 5:14 | Tree of Life |
| 5:27 | Force of Nature |
| 5:40 | Huntress |
| 5:44 | Moon Armor |
| 5:48 | Moon Well |
| 7:03 | Tree of Eternity |
| 7:08 | Ancient of Wind |
| 7:10 | Improved Strength of the Moon |
| 7:11 | Archer |
| 7:15 | Wisp |
| 7:16 | Wisp |
| 7:16 | Wisp |
| 7:16 | Wisp |
| 7:34 | Wisp |
| 7:35 | Wisp |
| 7:35 | Wisp |
| 7:35 | Wisp |
| 7:35 | Wisp |
| 7:39 | Improved Bows |
| 7:48 | Ancient of Lore |
| 7:50 | Wisp |
| 8:21 | Thorns Aura |
| 9:27 | Dryad |
| 9:27 | Abolish Magic |
| 9:33 | Strength of the Wild |
| 9:40 | Hunter's Hall |
| 9:44 | Scroll of Town Portal |
| 9:53 | Tree of Eternity |
| 9:55 | Druid of the Talon |
| 9:59 | Reinforced Hides |
| 10:13 | Moon Well |
| 10:33 | Hippogryph |
| 10:35 | Dryad |
| 10:59 | Trueshot Aura |
| 11:29 | Dryad |
| 11:29 | Druid of the Claw |
| 11:32 | Improved Strength of the Wild |
| 11:40 | Moon Well |
| 11:41 | Hippogryph |
| 12:12 | Searing Arrows |
| 12:22 | Chimaera Roost |
| 12:26 | Wisp |
| 12:27 | Wisp |
| 12:27 | Wisp |
| 12:27 | Wisp |
| 12:27 | Wisp |
| 12:27 | Wisp |
| 12:27 | Wisp |
| 12:30 | Hippogryph |
| 12:34 | Ultravision |
| 12:36 | Archer |
| 13:30 | Scroll of Town Portal |
| 13:45 | Hippogryph |
| 13:47 | Dryad |
| 13:49 | Chimaera |
| 13:54 | Moon Well |
| 13:56 | Moon Well |
| 14:02 | Improved Reinforced Hides |
| 14:05 | Hippogryph |
| 14:52 | Chimaera |
| 15:02 | Chimaera Roost |
| 15:06 | Moon Well |
| 15:14 | Force of Nature |
| 15:56 | Corrosive Breath |
| 15:58 | Advanced Strength of the Wild |
| 15:59 | Advanced Reinforced Hides |
| 16:04 | Druid of the Claw Adept Training |
| 16:46 | Scroll of Town Portal |
| 16:55 | Chimaera |
| 17:04 | Ancient of Wind |
| 17:08 | Marksmanship |
| 18:19 | Trueshot Aura |
| 18:35 | Chimaera |
| 18:39 | Hippogryph |
| 18:39 | Hippogryph |
| 18:39 | Hippogryph |
| 18:44 | Well Spring |
| 18:45 | Archer |
| 18:45 | Archer |
| 18:48 | Dryad |
| 18:50 | Druid of the Claw |
| 19:13 | Scroll of Town Portal |
| 20:12 | Hippogryph |
| 20:15 | Dryad |
| 20:16 | Chimaera |
| 20:49 | Searing Arrows |
| 20:52 | Tranquility |
| Right click | 341 |
| Select | 298 |
| Build/train/purchase | 113 |
| Misc. action | 53 |
| Use ability | 37 |
| Assign group | 3 |
| Remove unit | 3 |
| Minimap ping | 2 |
| Select group | 1 |


| Scroll of Town Portal | 2 | 700 |
| total: | 2 | 700g |
| Peasant | 14 | 1050 | / | 0 |
| Rifleman | 10 | 2050 | / | 300 |
| Priest | 4 | 540 | / | 40 |
| Spell Breaker | 17 | 3655 | / | 510 |
| total: | 45 | 7295g | / | 850w |
| Blacksmith | 1 | 140 | / | 60 |
| Altar of Kings | 1 | 180 | / | 50 |
| Barracks | 1 | 160 | / | 60 |
| Farm | 9 | 720 | / | 180 |
| Arcane Vault | 1 | 130 | / | 30 |
| Town Hall | 1 | 385 | / | 205 |
| Arcane Sanctum | 2 | 300 | / | 280 |
| Keep | 1 | 320 | / | 210 |
| Castle | 1 | 360 | / | 210 |
| total: | 16 | 2015g | / | 865w |
| 0:07 | Peasant |
| 0:07 | Peasant |
| 0:07 | Peasant |
| 0:37 | Peasant |
| 0:41 | Blacksmith |
| 0:44 | Altar of Kings |
| 0:51 | Barracks |
| 0:54 | Farm |
| 0:58 | Peasant |
| 1:10 | Peasant |
| 1:12 | Peasant |
| 1:22 | Peasant |
| 1:32 | Peasant |
| 1:52 | Farm |
| 2:10 | Rifleman |
| 2:17 | Farm |
| 2:44 | Rifleman |
| 2:46 | Holy Light |
| 3:02 | Rifleman |
| 3:16 | Farm |
| 3:48 | Rifleman |
| 4:14 | Rifleman |
| 4:41 | Rifleman |
| 4:41 | Rifleman |
| 4:47 | Farm |
| 5:21 | Rifleman |
| 5:27 | Holy Light |
| 5:30 | Keep |
| 5:36 | Black Gunpowder |
| 6:34 | Farm |
| 6:45 | Studded Leather Armor |
| 6:50 | Farm |
| 8:04 | Arcane Sanctum |
| 8:06 | Farm |
| 8:20 | Rifleman |
| 8:21 | Long Rifles |
| 8:29 | Divine Shield |
| 9:33 | Priest |
| 9:34 | Priest |
| 9:34 | Priest |
| 9:35 | Priest |
| 9:39 | Arcane Vault |
| 9:49 | Flame Strike |
| 10:08 | Scroll of Town Portal |
| 10:28 | Refined Gunpowder |
| 10:29 | Reinforced Leather Armor |
| 10:31 | Rifleman |
| 10:54 | Farm |
| 11:37 | Siphon Mana |
| 12:34 | Peasant |
| 12:52 | Devotion Aura |
| 13:13 | Town Hall |
| 13:52 | Scroll of Town Portal |
| 14:05 | Castle |
| 17:17 | Spell Breaker |
| 17:17 | Spell Breaker |
| 17:17 | Spell Breaker |
| 17:17 | Spell Breaker |
| 17:28 | Flame Strike |
| 18:32 | Spell Breaker |
| 18:32 | Spell Breaker |
| 18:32 | Spell Breaker |
| 18:35 | Arcane Sanctum |
| 18:39 | Peasant |
| 18:39 | Peasant |
| 18:39 | Peasant |
| 18:40 | Peasant |
| 19:29 | Spell Breaker |
| 19:29 | Spell Breaker |
| 19:29 | Spell Breaker |
| 19:50 | Control Magic |
| 20:14 | Spell Breaker |
| 20:14 | Spell Breaker |
| 20:15 | Spell Breaker |
| 20:34 | Spell Breaker |
| 20:48 | Resurrection |
| 20:55 | Siphon Mana |
| 21:24 | Spell Breaker |
| 21:26 | Spell Breaker |
| 21:26 | Spell Breaker |
| Right click | 896 |
| Select group | 390 |
| Select | 239 |
| Misc. action | 100 |
| Build/train/purchase | 74 |
| Use ability | 34 |
| Assign group | 27 |
| Esc | 10 |
| Resource trade | 6 |
| Minimap ping | 4 |
| Remove unit | 2 |
| Item give/drop | 1 |


| Orb of Venom | 1 | 325 |
| Scroll of Town Portal | 2 | 700 |
| Potion of Lesser Invulnerability | 1 | 150 |
| Khadgar's Pipe of Insight | 1 | 500 |
| Ancient Janggo of Endurance | 1 | 500 |
| total: | 6 | 2175g |
| Wisp | 34 | 2040 | / | 0 |
| Huntress | 10 | 1950 | / | 200 |
| Archer | 21 | 2730 | / | 210 |
| total: | 65 | 6720g | / | 410w |
| Altar of Elders | 1 | 180 | / | 50 |
| Moon Well | 6 | 1080 | / | 240 |
| Hunter's Hall | 1 | 210 | / | 100 |
| Ancient of War | 5 | 750 | / | 300 |
| Tree of Life | 4 | 1360 | / | 740 |
| Ancient of Wonders | 2 | 180 | / | 60 |
| Tree of Ages | 2 | 640 | / | 360 |
| Tree of Eternity | 1 | 330 | / | 200 |
| total: | 19 | 3760g | / | 1490w |
| 0:02 | Wisp |
| 0:02 | Wisp |
| 0:06 | Altar of Elders |
| 0:07 | Wisp |
| 0:17 | Moon Well |
| 0:27 | Wisp |
| 0:34 | Wisp |
| 0:43 | Wisp |
| 0:48 | Wisp |
| 0:55 | Wisp |
| 0:59 | Wisp |
| 1:04 | Wisp |
| 1:22 | Wisp |
| 1:27 | Wisp |
| 1:36 | Wisp |
| 1:54 | Hunter's Hall |
| 1:56 | Wisp |
| 2:03 | Ancient of War |
| 2:05 | Wisp |
| 2:15 | Moon Well |
| 2:24 | Force of Nature |
| 2:32 | Ancient of War |
| 2:45 | Wisp |
| 2:59 | Ultravision |
| 3:11 | Huntress |
| 3:12 | Wisp |
| 3:13 | Wisp |
| 3:34 | Tree of Ages |
| 3:35 | Huntress |
| 3:55 | Huntress |
| 5:03 | Moon Well |
| 5:03 | Moon Well |
| 5:47 | Entangling Roots |
| 5:56 | Huntress |
| 5:56 | Huntress |
| 6:15 | Tree of Eternity |
| 6:15 | Huntress |
| 6:16 | Huntress |
| 6:30 | Moon Glaive |
| 6:34 | Tree of Life |
| 6:54 | Force of Nature |
| 7:11 | Huntress |
| 7:45 | Moon Well |
| 8:55 | Huntress |
| 8:57 | Archer |
| 8:57 | Archer |
| 8:58 | Strength of the Moon |
| 8:59 | Marksmanship |
| 9:00 | Improved Bows |
| 9:02 | Ancient of War |
| 9:04 | Nature's Blessing |
| 9:05 | Wisp |
| 9:06 | Wisp |
| 9:06 | Wisp |
| 9:06 | Wisp |
| 9:15 | Ancient of Wonders |
| 9:31 | Wisp |
| 9:44 | Wisp |
| 9:44 | Wisp |
| 9:53 | Archer |
| 9:54 | Archer |
| 10:00 | Improved Strength of the Moon |
| 10:10 | Scroll of Town Portal |
| 10:22 | Potion of Lesser Invulnerability |
| 10:27 | Moon Well |
| 10:38 | Ancient of Wonders |
| 10:46 | Huntress |
| 11:02 | Wisp |
| 11:02 | Wisp |
| 11:03 | Wisp |
| 11:17 | Trueshot Aura |
| 11:19 | Khadgar's Pipe of Insight |
| 11:48 | Ancient Janggo of Endurance |
| 12:03 | Archer |
| 12:15 | Advanced Strength of the Moon |
| 13:30 | Archer |
| 13:30 | Archer |
| 13:31 | Archer |
| 13:41 | Entangling Roots |
| 13:46 | Orb of Venom |
| 14:52 | Archer |
| 15:20 | Archer |
| 15:22 | Moon Armor |
| 15:23 | Well Spring |
| 16:09 | Archer |
| 16:09 | Archer |
| 16:11 | Ancient of War |
| 16:11 | Ancient of War |
| 16:58 | Scout |
| 18:19 | Archer |
| 18:19 | Archer |
| 18:19 | Archer |
| 18:47 | Scroll of Town Portal |
| 19:02 | Archer |
| 19:02 | Archer |
| 19:02 | Archer |
| 19:11 | Tree of Life |
| 19:31 | Tree of Life |
| 19:35 | Improved Moon Armor |
| 20:36 | Force of Nature |
| 20:36 | Force of Nature |
| 20:38 | Trueshot Aura |
| 21:04 | Archer |
| 21:10 | Advanced Moon Armor |
| 21:37 | Scout |
| 21:49 | Tree of Life |
| 21:52 | Wisp |
| 21:52 | Wisp |
| 22:19 | Archer |
| 22:19 | Archer |
| 22:22 | Wisp |
| 22:22 | Wisp |
| 22:22 | Wisp |
| 22:28 | Wisp |
| Right click | 1357 |
| Select | 590 |
| Assign group | 470 |
| Select group | 431 |
| Misc. action | 293 |
| Build/train/purchase | 170 |
| Use ability | 24 |
| Minimap ping | 17 |
| Esc | 10 |
| Resource trade | 5 |
| Item give/drop | 3 |
190 units @ 26.8k
/ 3.2k
69 buildings @ 10.1k
/ 4k


| Lesser Clarity Potion | 4 | 280 |
| Potion of Mana | 1 | 200 |
| Potion of Healing | 2 | 300 |
| Moonstone | 3 | 150 |
| Orb of Venom | 1 | 325 |
| Scroll of Town Portal | 3 | 1050 |
| Potion of Lesser Invulnerability | 1 | 150 |
| total: | 15 | 2455g |
| Wisp | 25 | 1500 | / | 0 |
| Archer | 21 | 2730 | / | 210 |
| Hippogryph | 13 | 2080 | / | 260 |
| total: | 59 | 6310g | / | 470w |
| Altar of Elders | 1 | 180 | / | 50 |
| Moon Well | 7 | 1260 | / | 280 |
| Ancient of War | 1 | 150 | / | 60 |
| Ancient of Wonders | 3 | 270 | / | 90 |
| Hunter's Hall | 1 | 210 | / | 100 |
| Tree of Life | 2 | 680 | / | 370 |
| Ancient of Wind | 2 | 300 | / | 280 |
| Tree of Ages | 1 | 320 | / | 180 |
| Tree of Eternity | 1 | 330 | / | 200 |
| total: | 17 | 3050g | / | 1230w |
| 0:02 | Wisp |
| 0:02 | Wisp |
| 0:10 | Altar of Elders |
| 0:12 | Moon Well |
| 0:25 | Ancient of War |
| 0:31 | Wisp |
| 0:41 | Wisp |
| 0:52 | Wisp |
| 0:52 | Wisp |
| 0:53 | Wisp |
| 1:09 | Wisp |
| 1:26 | Archer |
| 1:34 | Moon Well |
| 1:45 | Archer |
| 1:52 | Ancient of Wonders |
| 2:04 | Wisp |
| 2:14 | Fan of Knives |
| 2:32 | Archer |
| 2:43 | Wisp |
| 2:49 | Moon Well |
| 3:00 | Archer |
| 3:01 | Wisp |
| 3:05 | Lesser Clarity Potion |
| 3:15 | Wisp |
| 3:20 | Archer |
| 3:46 | Blink |
| 3:47 | Archer |
| 3:47 | Wisp |
| 4:01 | Tree of Ages |
| 4:51 | Hunter's Hall |
| 5:03 | Archer |
| 5:28 | Archer |
| 5:43 | Fan of Knives |
| 6:07 | Strength of the Moon |
| 6:23 | Ancient of Wind |
| 6:23 | Ancient of Wind |
| 6:43 | Nature's Blessing |
| 6:49 | Moon Well |
| 7:22 | Trueshot Aura |
| 7:49 | Hippogryph |
| 7:51 | Improved Bows |
| 8:27 | Tree of Life |
| 9:03 | Hippogryph |
| 9:08 | Potion of Mana |
| 9:14 | Blink |
| 9:31 | Scroll of Town Portal |
| 10:08 | Hippogryph |
| 10:38 | Wisp |
| 10:38 | Wisp |
| 10:38 | Wisp |
| 10:38 | Wisp |
| 10:38 | Wisp |
| 10:59 | Scroll of Town Portal |
| 11:13 | Potion of Lesser Invulnerability |
| 11:31 | Hippogryph |
| 11:42 | Hippogryph |
| 12:04 | Archer |
| 12:04 | Hippogryph |
| 12:25 | Archer |
| 12:25 | Hippogryph |
| 12:41 | Moon Well |
| 12:55 | Improved Strength of the Moon |
| 13:28 | Scroll of Town Portal |
| 13:31 | Archer |
| 13:55 | Archer |
| 13:55 | Hippogryph |
| 14:05 | Moon Armor |
| 14:24 | Searing Arrows |
| 14:26 | Archer |
| 14:26 | Hippogryph |
| 15:22 | Archer |
| 15:24 | Hippogryph |
| 15:25 | Improved Moon Armor |
| 15:37 | Potion of Healing |
| 15:41 | Lesser Clarity Potion |
| 15:55 | Archer |
| 15:56 | Hippogryph |
| 16:33 | Tree of Eternity |
| 16:36 | Wisp |
| 16:36 | Wisp |
| 16:36 | Wisp |
| 16:47 | Moonstone |
| 16:49 | Moon Well |
| 17:43 | Fan of Knives |
| 17:57 | Trueshot Aura |
| 18:22 | Archer |
| 18:22 | Archer |
| 18:22 | Hippogryph |
| 18:38 | Archer |
| 18:38 | Archer |
| 18:41 | Ancient of Wonders |
| 18:43 | Ancient of Wonders |
| 18:58 | Marksmanship |
| 19:05 | Wisp |
| 19:05 | Wisp |
| 19:12 | Advanced Strength of the Moon |
| 19:16 | Well Spring |
| 19:16 | Ultravision |
| 19:33 | Archer |
| 19:35 | Moon Well |
| 19:47 | Moonstone |
| 19:49 | Lesser Clarity Potion |
| 19:49 | Lesser Clarity Potion |
| 19:51 | Orb of Venom |
| 19:53 | Potion of Healing |
| 20:00 | Moonstone |
| 21:00 | Searing Arrows |
| 21:07 | Archer |
| 21:07 | Hippogryph |
| 21:31 | Wisp |
| 21:31 | Wisp |
| 22:04 | Tree of Life |
| Right click | 836 |
| Select group | 514 |
| Select | 328 |
| Misc. action | 213 |
| Build/train/purchase | 158 |
| Assign group | 46 |
| Use ability | 41 |
| Chat | 41 |
| Minimap ping | 15 |
| Esc | 6 |
| Item give/drop | 5 |
| Resource trade | 5 |


| Scroll of Town Portal | 1 | 350 |
| total: | 1 | 350g |
| Peon | 15 | 1125 | / | 0 |
| Grunt | 5 | 1000 | / | 0 |
| Troll Headhunter | 6 | 840 | / | 120 |
| Shaman | 9 | 1170 | / | 180 |
| Troll Berserker | 8 | 1120 | / | 160 |
| Kodo Beast | 1 | 255 | / | 60 |
| total: | 44 | 5510g | / | 520w |
| Orc Burrow | 9 | 1440 | / | 360 |
| Altar of Storms | 1 | 180 | / | 50 |
| Barracks | 2 | 360 | / | 100 |
| War Mill | 1 | 205 | / | 0 |
| Voodoo Lounge | 1 | 130 | / | 30 |
| Spirit Lodge | 1 | 150 | / | 150 |
| Beastiary | 1 | 145 | / | 140 |
| Stronghold | 1 | 315 | / | 190 |
| Fortress | 1 | 325 | / | 190 |
| total: | 16 | 2610g | / | 830w |
| 0:12 | Peon |
| 0:13 | Peon |
| 0:13 | Peon |
| 0:13 | Peon |
| 0:32 | Orc Burrow |
| 0:47 | Altar of Storms |
| 1:02 | Barracks |
| 1:17 | Peon |
| 1:18 | Peon |
| 1:58 | Orc Burrow |
| 2:09 | Grunt |
| 2:21 | Peon |
| 2:21 | Peon |
| 2:50 | Grunt |
| 3:10 | Feral Spirit |
| 3:12 | Stronghold |
| 3:51 | Grunt |
| 4:01 | Orc Burrow |
| 4:23 | Grunt |
| 4:54 | War Mill |
| 4:57 | Grunt |
| 5:07 | Orc Burrow |
| 5:35 | Chain Lighting |
| 5:44 | Fortress |
| 6:20 | Spirit Lodge |
| 6:45 | Troll Headhunter |
| 6:51 | Steel Ranged Weapons |
| 7:09 | Troll Headhunter |
| 7:19 | Troll Headhunter |
| 7:23 | Steel Armor |
| 7:55 | Feral Spirit |
| 8:07 | Shaman Adept Training |
| 8:16 | Orc Burrow |
| 9:09 | Shaman Master Training |
| 9:10 | Shaman |
| 9:12 | Troll Headhunter |
| 9:13 | Troll Headhunter |
| 9:19 | Thorium Ranged Weapons |
| 9:43 | Berserker Upgrade |
| 9:46 | Troll Headhunter |
| 9:51 | Shaman |
| 10:14 | Barracks |
| 10:29 | Beastiary |
| 10:47 | Arcanite Ranged Weapons |
| 11:11 | Troll Berserker |
| 11:23 | Orc Burrow |
| 11:29 | Shaman |
| 11:32 | Troll Berserker |
| 11:54 | War Drums Damage Increase |
| 12:13 | Voodoo Lounge |
| 12:28 | Shaman |
| 12:39 | Troll Berserker |
| 12:44 | Endurance Aura |
| 12:48 | Kodo Beast |
| 13:10 | Orc Burrow |
| 13:37 | Shaman |
| 13:51 | Troll Berserker |
| 14:16 | Orc Burrow |
| 15:48 | Peon |
| 15:49 | Peon |
| 16:30 | Scroll of Town Portal |
| 17:14 | Peon |
| 17:14 | Peon |
| 17:16 | Peon |
| 19:23 | Peon |
| 19:23 | Peon |
| 20:22 | Troll Berserker |
| 20:26 | Shaman |
| 21:30 | Troll Berserker |
| 21:32 | Troll Berserker |
| 21:34 | Shaman |
| 22:06 | Shaman |
| 22:07 | Shaman |
| 22:13 | Troll Berserker |
| 22:20 | Orc Burrow |
| Select | 202 |
| Right click | 113 |
| Build/train/purchase | 70 |
| Chat | 69 |
| Use ability | 8 |
| Resource trade | 5 |
| Minimap ping | 1 |


x1)
| Rod of Necromancy | 2 | 300 |
| Ritual Dagger | 2 | 250 |
| Potion of Healing | 2 | 300 |
| Potion of Mana | 2 | 400 |
| Lesser Clarity Potion | 1 | 70 |
| Orb of Corruption | 1 | 375 |
| Scroll of Town Portal | 6 | 2100 |
| Scroll of Healing | 1 | 250 |
| Tome of Retraining | 1 | 300 |
| Staff of Sanctuary | 1 | 250 |
| total: | 19 | 4595g |
| Acolyte | 9 | 675 | / | 0 |
| Ghoul | 4 | 480 | / | 0 |
| Crypt Fiend | 3 | 645 | / | 120 |
| Frost Wyrm | 12 | 4620 | / | 1440 |
| Obsidian Statue | 3 | 600 | / | 105 |
| Goblin Shredder | 3 | 1125 | / | 300 |
| total: | 34 | 8145g | / | 1965w |
| Spirit Tower | 1 | 145 | / | 40 |
| Crypt | 1 | 200 | / | 50 |
| Altar of Darkness | 1 | 180 | / | 50 |
| Ziggurat | 9 | 1350 | / | 450 |
| Tomb of Relics | 1 | 130 | / | 30 |
| Graveyard | 1 | 215 | / | 0 |
| Sacrificial Pit | 1 | 75 | / | 150 |
| Slaughterhouse | 1 | 140 | / | 135 |
| Temple of the Damned | 1 | 155 | / | 140 |
| Boneyard | 2 | 350 | / | 400 |
| Halls of the Dead | 2 | 640 | / | 420 |
| Black Citadel | 1 | 325 | / | 230 |
| total: | 18 | 2795g | / | 1405w |
| 0:02 | Acolyte |
| 0:09 | Crypt |
| 0:12 | Altar of Darkness |
| 0:13 | Acolyte |
| 0:34 | Ziggurat |
| 0:41 | Acolyte |
| 1:10 | Ghoul |
| 1:14 | Ziggurat |
| 1:23 | Ghoul |
| 1:34 | Tomb of Relics |
| 1:45 | Ghoul |
| 2:02 | Ghoul |
| 2:25 | Sleep |
| 2:36 | Rod of Necromancy |
| 2:58 | Acolyte |
| 2:58 | Acolyte |
| 2:58 | Acolyte |
| 2:58 | Acolyte |
| 3:25 | Acolyte |
| 3:34 | Vampiric Aura |
| 4:01 | Graveyard |
| 4:15 | Acolyte |
| 4:40 | Halls of the Dead |
| 5:01 | Rod of Necromancy |
| 5:09 | Ritual Dagger |
| 5:20 | Ziggurat |
| 5:25 | Ziggurat |
| 6:00 | Crypt Fiend |
| 6:42 | Sleep |
| 7:03 | Black Citadel |
| 7:23 | Crypt Fiend |
| 7:25 | Tome of Retraining |
| 7:25 | Retrain Hero |
| 7:27 | Carrion Swarm |
| 7:27 | Carrion Swarm |
| 7:28 | Vampiric Aura |
| 7:41 | Sacrificial Pit |
| 7:44 | Ziggurat |
| 8:09 | Goblin Shredder |
| 8:09 | Goblin Shredder |
| 8:36 | Death Coil |
| 9:08 | Potion of Healing |
| 9:10 | Scroll of Town Portal |
| 9:10 | Potion of Healing |
| 9:11 | Potion of Mana |
| 9:15 | Crypt Fiend |
| 9:30 | Staff of Sanctuary |
| 9:35 | Lesser Clarity Potion |
| 9:38 | Scroll of Town Portal |
| 9:42 | Boneyard |
| 9:47 | Boneyard |
| 9:49 | Scroll of Town Portal |
| 9:49 | Orb of Corruption |
| 10:04 | Spirit Tower |
| 10:46 | Ziggurat |
| 10:49 | Ziggurat |
| 10:58 | Frost Wyrm |
| 11:11 | Vampiric Aura |
| 11:24 | Frost Wyrm |
| 11:44 | Goblin Shredder |
| 12:02 | Frost Wyrm |
| 12:39 | Frost Wyrm |
| 13:10 | Ziggurat |
| 13:11 | Ziggurat |
| 13:55 | Scroll of Town Portal |
| 13:58 | Scroll of Town Portal |
| 14:00 | Scroll of Healing |
| 14:03 | Unholy Aura |
| 14:12 | Creature Carapace |
| 14:12 | Creature Attack |
| 14:18 | Slaughterhouse |
| 14:22 | Temple of the Damned |
| 14:46 | Frost Wyrm |
| 14:48 | Freezing Breath |
| 15:51 | Frost Wyrm |
| 15:52 | Frost Wyrm |
| 16:47 | Potion of Mana |
| 16:49 | Scroll of Town Portal |
| 17:09 | Ritual Dagger |
| 17:28 | Destroyer Form |
| 17:28 | Obsidian Statue |
| 17:28 | Obsidian Statue |
| 17:30 | Obsidian Statue |
| 17:37 | Improved Creature Carapace |
| 17:38 | Improved Creature Attack |
| 18:20 | Carrion Swarm |
| 18:20 | Carrion Swarm |
| 18:24 | Frost Wyrm |
| 18:43 | Death Coil |
| 18:55 | Advanced Creature Carapace |
| 19:34 | Frost Wyrm |
| 19:37 | Frost Wyrm |
| 20:54 | Frost Wyrm |
| 20:54 | Frost Wyrm |
| 21:24 | Unholy Aura |
| Right click | 818 |
| Select group | 424 |
| Select | 296 |
| Build/train/purchase | 109 |
| Use ability | 60 |
| Chat | 48 |
| Assign group | 46 |
| Minimap ping | 7 |
| Resource trade | 6 |
| Item give/drop | 4 |
| Misc. action | 1 |

| Scroll of Regeneration | 1 | 100 |
| Lesser Clarity Potion | 1 | 70 |
| Medallion of Courage | 2 | 1000 |
| Claws of Attack +12 | 1 | 500 |
| Claws of Attack +9 | 1 | 300 |
| total: | 6 | 1970g |
| Peasant | 9 | 675 | / | 0 |
| Footman | 29 | 3915 | / | 0 |
| Rifleman | 3 | 615 | / | 90 |
| Priest | 12 | 1620 | / | 120 |
| total: | 53 | 6825g | / | 210w |
| Scout Tower | 3 | 90 | / | 60 |
| Arcane Tower | 6 | 420 | / | 300 |
| Altar of Kings | 1 | 180 | / | 50 |
| Farm | 9 | 720 | / | 180 |
| Barracks | 1 | 160 | / | 60 |
| Arcane Vault | 1 | 130 | / | 30 |
| Blacksmith | 1 | 140 | / | 60 |
| Lumber Mill | 1 | 120 | / | 0 |
| Arcane Sanctum | 1 | 150 | / | 140 |
| Keep | 1 | 320 | / | 210 |
| Castle | 1 | 360 | / | 210 |
| total: | 18 | 1690g | / | 580w |
| 0:03 | Peasant |
| 0:07 | Altar of Kings |
| 0:10 | Farm |
| 0:13 | Barracks |
| 0:15 | Peasant |
| 0:33 | Peasant |
| 0:47 | Farm |
| 0:55 | Peasant |
| 0:55 | Peasant |
| 1:12 | Peasant |
| 1:16 | Farm |
| 1:18 | Farm |
| 1:28 | Footman |
| 1:28 | Footman |
| 1:41 | Footman |
| 1:59 | Farm |
| 2:08 | Footman |
| 2:19 | Farm |
| 2:30 | Frost Arrows |
| 2:42 | Defend |
| 2:43 | Peasant |
| 2:43 | Peasant |
| 3:05 | Footman |
| 3:11 | Arcane Vault |
| 3:28 | Footman |
| 3:29 | Peasant |
| 3:37 | Farm |
| 4:10 | Mana Shield |
| 4:16 | Keep |
| 4:19 | Footman |
| 4:23 | Blacksmith |
| 4:30 | Scroll of Regeneration |
| 4:35 | Lesser Clarity Potion |
| 4:54 | Footman |
| 5:31 | Footman |
| 5:44 | Scout Tower |
| 5:47 | Rifleman |
| 6:27 | Arcane Tower |
| 6:50 | Castle |
| 6:51 | Arcane Sanctum |
| 7:17 | Footman |
| 7:17 | Footman |
| 7:18 | Footman |
| 7:24 | Iron Forged Swords |
| 7:27 | Iron Plating |
| 7:27 | Steel Forged Swords |
| 7:45 | Footman |
| 7:56 | Footman |
| 8:05 | Scout Tower |
| 8:09 | Priest Adept Training |
| 8:09 | Priest Master Training |
| 8:33 | Scout Tower |
| 8:35 | Arcane Tower |
| 8:57 | Footman |
| 8:57 | Footman |
| 8:57 | Footman |
| 9:02 | Arcane Tower |
| 9:22 | Footman |
| 9:49 | Lumber Mill |
| 10:31 | Priest |
| 10:32 | Footman |
| 10:34 | Footman |
| 10:36 | Farm |
| 10:37 | Priest |
| 10:45 | Frost Arrows |
| 11:16 | Medallion of Courage |
| 14:33 | Priest |
| 14:33 | Priest |
| 14:34 | Footman |
| 16:14 | Priest |
| 17:26 | Footman |
| 17:26 | Footman |
| 17:26 | Footman |
| 17:26 | Footman |
| 17:55 | Forked Lightning |
| 18:10 | Priest |
| 18:10 | Priest |
| 18:12 | Footman |
| 18:12 | Footman |
| 18:31 | Frost Arrows |
| 18:44 | Priest |
| 18:45 | Footman |
| 18:47 | Farm |
| 18:52 | Medallion of Courage |
| 18:54 | Claws of Attack +12 |
| 18:58 | Claws of Attack +9 |
| 21:03 | Priest |
| 21:03 | Priest |
| 21:37 | Footman |
| 22:09 | Rifleman |
| 22:09 | Rifleman |
| 22:13 | Priest |
| 22:13 | Priest |
| Right click | 769 |
| Select | 349 |
| Build/train/purchase | 106 |
| Misc. action | 99 |
| Select group | 47 |
| Resource trade | 29 |
| Assign group | 28 |
| Chat | 16 |
| Use ability | 13 |
| Remove unit | 7 |
| Item give/drop | 3 |
| Minimap ping | 3 |
⇛